 Dungeon Crawl Stone Soup version 0.24.0-125-gc4c63601f3 (webtiles) character file.

Game seed: 10690401607879501825, levelgen mode: deterministic

1500 LraC the Purveyor of Pain (level 8, -3/58 HPs)
             Began as a Demonspawn Necromancer on Mar 4, 2020.
             Was an Initiate of Kikubaaqudgha.
             Slain by an orc warrior
             ... wielding a +8 trident
              (23 damage)
             ... on level 6 of the Dungeon on Mar 5, 2020.
             The game lasted 01:25:34 (5721 turns).

LraC the Purveyor of Pain (Demonspawn Necromancer)  Turns: 5721, Time: 01:25:35

Health: -3/58      AC:  6    Str:  8    XL:     8   Next: 52%
Magic:  2/17       EV: 26    Int: 19    God:    Kikubaaqudgha [......]
Gold:   327        SH:  5    Dex: 19    Spells: 7/19 levels left

rFire    . . .     SeeInvis .   r - +2 dagger (flame)
rCold    . . .     Gourm    .   (no shield)
rNeg     . . .     Faith    .   a - +1 robe
rPois    .         Spirit   .   (no helmet)
rElec    .         Reflect  +   (no cloak)
rCorr    .         Harm     .   (gloves unavailable)
MR       .....                  (no boots)
Stlth    +++++.....             d - +5 amulet of reflection
HPRegen  1.19/turn              A - +6 ring of evasion
MPRegen  0.15/turn              (no ring)

@: agile, regenerating
A: claws 3, icy blue scales 2, nightstalker 1, powered by pain 1, wild magic 1
a: Renounce Religion


You were on level 6 of the Dungeon.
You worshipped Kikubaaqudgha.
Kikubaaqudgha was noncommittal.
You were not hungry.

You visited 1 branch of the dungeon, and saw 6 of its levels.
You also visited: Sewer.

You collected 327 gold pieces.

Inventory:

Hand Weapons
 e - a +0 rapier
 h - a cursed -2 dagger
 k - a +0 club
 m - a +0 war axe
 n - a +0 dagger
 o - a +1 dagger of holy wrath
 r - a +2 dagger of flaming (weapon)
 t - a +0 giant club
 u - a +0 dagger
 v - a +0 dagger
 w - a cursed -2 dagger
 y - a +0 morningstar of flaming
 B - a +0 club
 E - a +0 hunting sling
 F - a +0 halberd
 H - a +0 giant club
 I - a +2 mace of holy wrath
Missiles
 f - a throwing net
 j - 140 stones (quivered)
 p - 18 poisoned darts
 G - 21 bolts
 P - 5 curare-tipped darts
Armour
 a - a +1 robe (worn)
 g - a +0 leather armour
 i - a +0 robe
 s - a +0 robe
 x - a +0 leather armour
 C - a +0 ring mail
 D - a +0 ring mail
 J - a +0 ring mail of magic resistance
Jewellery
 d - a +5 amulet of reflection (around neck)
 l - an uncursed ring of fire
 A - a +6 ring of evasion (left claw)
Wands
 b - a wand of polymorph (7)
Scrolls
 q - 4 scrolls of enchant weapon
 W - a scroll of remove curse
Potions
 z - 2 potions of ambrosia
Comestibles
 c - 4 rations


   Skills:
 + Level 3.1 Fighting
 + Level 3.1 Short Blades
 + Level 1.6(1.9) Slings
 + Level 1.4(1.8) Throwing
 + Level 2.4 Armour
 + Level 4.2 Dodging
 + Level 3.7 Stealth
   Level 1.8 Shields
 + Level 2.0 Unarmed Combat
 + Level 6.1 Spellcasting
 + Level 0.2 Charms
 + Level 7.6 Necromancy


You had 7 spell levels left.
You knew the following spells:

 Your Spells              Type           Power        Failure   Level  Hunger
a - Pain                  Necr           ####         1%          1    None
b - Animate Skeleton      Necr           N/A          1%          1    None
c - Regeneration          Chrm/Necr      ####......   11%         3    ##.....
d - Vampiric Draining     Necr           #####.....   3%          3    ##.....
e - Animate Dead          Necr           N/A          8%          4    ####...

Your spell library contained the following spells:

 Spells                   Type           Power        Failure   Level  Hunger


Dungeon Overview and Level Annotations

Branches:
Dungeon (6/15)              Sewer (visited)
 Temple: D:4-7

Altars:
Ashenzari
Dithmenos
Elyvilon
Hepliaklqana
Kikubaaqudgha
Qazlal
The Shining One

Shops:
D:4 =   D:5 *:   D:6 !

Annotations:
D:5 Shops
D:6 Potionshop, Sableheart's ghost, novice DrFE


Innate Abilities, Weirdness & Mutations

You have claws for hands.
You are mostly covered in icy blue scales. (AC +3)
You are slightly more attuned to the shadows.
You sometimes gain a little power by taking damage.
Your spells are a little harder to cast, but a little more powerful.


Message History

The orc warrior is almost dead.
You feel life coursing into your body.
An orc comes into view. It is wielding a +0 club.
The orc warrior hits you with a +0 war axe!!
You focus on the pain.
You feel agile all of a sudden. Sableheart's ghost hits you!
The orc shouts!
You hit the orc warrior but do no damage.
The orc warrior is severely wounded.
Sableheart's ghost casts a spell at you.
The magic dart hits you! You block the orc warrior's attack.
Casting: Vampiric Draining (safe; 3% risk of failure)
Confirm with . or Enter, or press ? or * to list all spells.
Your skin crawls.
Sableheart's ghost gestures at you while chanting.
The magic dart hits you. The orc warrior closely misses you.
The orc warrior hits you from afar with a +8 trident!!
You die...
Kikubaaqudgha rasps: "You have failed me!
Welcome... death!"

.#<...#########8#..#...#
##..#..#
#.##...#.####### #..##.#
##..#.##.#..........
#..####
8#..#.##.#...P......
##.# #o.#......P........
###.#
...#o#........P......
....##
...#.o......P.PZ>....
.....##
.8o#.oW.##....##.....
...#..##
#.o.@...#..#######
...##..#
#.#.#...#.....##
...###.#
#..#.##...........
.......#
8#..#....###.##.###
.......# .##..#.####
#.....# ######## ....#.#
###.#.# #####8# .... ...
..


You could see 2 orc warriors, an orc priest, Sableheart's ghost and 3 orcs.

Vanquished Creatures
  3 water moccasins (D:5)
  Duvessa (D:5)
  3 ogres
  Dowan (D:5)
  A wyvern zombie (D:6)
  A scorpion (D:5)
  2 howler monkeys
  A centaur zombie (D:6)
  2 bullfrog zombies (D:6)
  A hound (D:6)
  A bullfrog skeleton (D:6)
  4 worker ants
  5 worker ant zombies
  7 adders
  2 shadow imps
  8 oozes
  2 adder zombies (D:6)
  7 worms
  2 adder skeletons
  A dart slug (D:1)
  6 leopard geckos
  8 orcs
  5 ball pythons
  5 giant cockroaches
  4 goblins
  2 hobgoblins
  8 jackals
  8 kobolds
  14 bats
  9 frilled lizards
  A giant cockroach zombie (D:6)
  A leopard gecko skeleton (D:6)
  A quokka skeleton (D:5)
  2 quokka zombies (D:6)
  8 rats
137 creatures vanquished.

Vanquished Creatures (collateral kills)
  An orc wizard (D:5)
  An adder (D:3)
  A river rat (D:5)
  2 adder zombies
  A worm (D:5)
  2 orcs (D:5)
  3 ball pythons (D:5)
  2 giant cockroaches
  A jackal (D:2)
  A quokka (D:5)
  A goblin (D:2)
  A kobold (D:1)
  2 quokka skeletons (D:6)
  A rat (D:2)
20 creatures vanquished.

Grand Total: 157 creatures vanquished

Notes
Turn   | Place    | Note
-------+----------+-------------------------------------------
     0 | D:1      | LraC the Demonspawn Necromancer began the quest for the
                  | Orb.
     0 | D:1      | Reached XP level 1. HP: 13/13 MP: 3/3
     2 | D:1      | Learned a level 1 spell: Animate Skeleton
   306 | D:1      | Gained mutation: You have sharp fingernails. [demonic
                  | ancestry]
   306 | D:1      | Reached XP level 2. HP: 6/19 MP: 1/5
   550 | D:1      | Reached skill level 1 in Slings
   550 | D:1      | Reached skill level 1 in Throwing
   550 | D:1      | Reached skill level 1 in Shields
   550 | D:1      | Reached skill level 5 in Necromancy
   550 | D:1      | Gained mutation: You are partially covered in icy blue
                  | scales. (AC +2) [demonic ancestry]
   550 | D:1      | Reached XP level 3. HP: 14/28 MP: 6/8
  1172 | D:2      | Learned a level 3 spell: Regeneration
  1176 | D:2      | Learned a level 3 spell: Vampiric Draining
  1292 | D:2      | Found a white marble altar of Elyvilon.
  1334 | D:2      | Gained mutation: You have very sharp fingernails. [demonic
                  | ancestry]
  1334 | D:2      | Reached XP level 4. HP: 25/34 MP: 3/9
  1419 | D:2      | Found a hazy altar of Hepliaklqana.
  2094 | D:3      | Reached skill level 6 in Necromancy
  2213 | D:3      | Found a shattered altar of Ashenzari.
  2403 | D:3      | Gained mutation: You sometimes gain a little power by
                  | taking damage. [demonic ancestry]
  2403 | D:3      | Reached XP level 5. HP: 37/39 MP: 7/11
  3074 | D:4      | Learned a level 4 spell: Animate Dead
  3236 | D:4      | Found Jumn's Jewellery Shoppe.
  3438 | D:4      | Found a shadowy altar of Dithmenos.
  3458 | D:4      | Noticed an ogre
  3468 | D:4      | Killed an ogre
  3468 | D:4      | Gained mutation: You are slightly more attuned to the
                  | shadows. [demonic ancestry]
  3468 | D:4      | Reached XP level 6. HP: 20/46 MP: 8/12
  3943 | D:5      | Entered Level 5 of the Dungeon
  3944 | D:5      | Noticed Duvessa
  3947 | D:5      | Noticed Dowan
  4063 | D:5      | Killed Duvessa
  4086 | D:5      | Killed Dowan
  4134 | D:5      | Found a glowing golden altar of the Shining One.
  4185 | D:5      | Reached skill level 5 in Spellcasting
  4185 | D:5      | Reached XP level 7. HP: 22/51 MP: 14/14
  4206 | D:5      | Found a glowing drain.
  4226 | Sewer    | Entered a sewer
  4492 | Sewer    | Gained mutation: Your spells are a little harder to cast,
                  | but a little more powerful. [potion of mutation]
  4492 | Sewer    | Gained mutation: You have claws for hands. [potion of
                  | mutation]
  4662 | D:5      | Found Ekhino's Serpentskin Sales.
  4673 | D:5      | Reached skill level 7 in Necromancy
  4768 | D:5      | Found Rissy's Book Shop.
  4876 | D:5      | Gained mutation: You are mostly covered in icy blue scales.
                  | (AC +3) [demonic ancestry]
  4876 | D:5      | Reached XP level 8. HP: 41/57 MP: 11/16
  5517 | D:6      | Found Gog Hav's Distillery.
  5553 | D:6      | Found a stormy altar of Qazlal.
  5613 | D:6      | Found an ancient bone altar of Kikubaaqudgha.
  5613 | D:6      | Found a stormy altar of Qazlal.
  5614 | D:6      | Found a white marble altar of Elyvilon.
  5628 | D:6      | Became a worshipper of Kikubaaqudgha
  5707 | D:6      | Found a runed translucent gate.
  5707 | D:6      | Found a runed translucent gate.
  5707 | D:6      | Found a runed translucent gate.
  5709 | D:6      | Identified the +6 plate armour "Tipluoq" {rElec rC+}
  5710 | D:6      | Noticed Sableheart's ghost (novice DrFE)
  5721 | D:6      | Slain by an orc warrior

Levels and vault maps discovered:
D:1:      dpeg_arrival_pits, layout_basic, hangedman_decor_points,
          minmay_misc_feat_five
D:2:      minmay_general_purpose_star, layout_basic, old_standard_altar,
          first_ration, elyvilon_altar_4
D:3:      layout_basic, nicolae_ashenzari_panopticon
D:4:      layout_basic, kennysheep_little_box, serial_shops,
          nicolae_shop_competitors_out_of_business
D:5:      layout_basic, old_standard_altar, serial_shops, nicolae_shop_stone,
          portal_sewer_entry_a, guppyfry_shop_venom, uniq_duvessa
D:6:      layout_rooms, gammafunk_temple_overflow_forgotten, serial_undead,
          serial_undead_a, serial_undead_a, serial_undead_a, serial_undead_d,
          serial_undead_b, serial_undead_a, biasface_ghost_orc_armoury,
          serial_shops, nicolae_shop_behind_doors,
          nicolae_qazlal_general_emergency

Skill      XL: |  1  2  3  4  5  6  7  8 |
---------------+-------------------------+-----
Fighting       | 2 3 |  3.1
Short Blades   | 2 3 |  3.1
Slings         | 1 |  1.6
Throwing       | 1 |  1.4
Armour         | 2 |  2.4
Dodging        | 2 3 4 |  4.2
Stealth        | 3 |  3.7
Shields        | 1 |  1.8
Unarmed Combat | 2 |  2.0
Spellcasting   | 3 4 5 6 |  6.1
Necromancy     | 5 6 7 |  7.6
Charms         | |  0.2

Action                   |  1- 3 |  4- 6 |  7- 9 || total
-------------------------+-------+-------+-------++-------
Melee: Unarmed           |    33 |       |       ||    33
       Dagger            |    14 |    40 |   211 ||   265
       Punch             |       |       |     4 ||     4
 Cast: Pain              |    43 |    90 |    62 ||   195
       Animate Skeleton  |    18 |    18 |       ||    36
       Regeneration      |     1 |     1 |    11 ||    13
       Vampiric Draining |       |     4 |     8 ||    12
       Animate Dead      |       |     3 |     6 ||     9
  Use: Scroll            |     3 |     9 |     2 ||    14
       Potion            |     2 |     6 |    11 ||    19
 Stab: Distracted        |       |     1 |       ||     1
  Eat: Chunk             |     2 |     3 |       ||     5
       Ration            |       |     2 |     2 ||     4
Armor: Robe              |    13 |    10 |    59 ||    82
Dodge: Dodged            |    50 |    56 |   339 ||   445
Block: Other             |       |     8 |   101 ||   109
